AoeStats
← GN | Vortex 渦

Arena

509179959Analyzed
2v2 RM · 7d ago on Sep 25, 2026· 35m 2s· 4 players
Game mode
Random Map
Map size
Medium (4 player)
Population
200
Speed
Normal
Resources
Standard
Victory
Conquest
Starting age
Dark Age
Ending age
Imperial Age
RankedLock teamsTeams togetherTeam positionsShared explorationLock speedFull tech treeHidden civsTurbo modeCheats
Victory
Defeat
🇨🇱 Cumans · Chile
1342
+14
🇪🇸 Vietnamese · Spain
1316
+15
🇺🇦 Vietnamese · Ukraine
1309
-15
🇷🇺 Danes · Russia
1280
-14
Tretri
11:13 Feudal Age
11:23 Loom
16:37 Castle Age
15:06 Double-Bit Axe
15:21 Horse Collar
17:01 Fletching
17:44 Bodkin Arrow
17:54 Heavy Plow
18:13 Bow Saw
18:00 Gold Mining
17:58 Crossbowman
19:32 Padded Archer Armor
22:21 Heavy Plow
25:43 Wheelbarrow
27:42 Leather Archer Armor
30:17 Imperial Age
29:09 Thumb Ring
31:04 Scale Barding Armor
31:09 Forging
31:45 Fortified Wall
32:08 Chain Barding Armor
33:22 Bloodlines
33:47 Husbandry
Fiery Dwarf
6:48 Loom
9:41 Feudal Age
14:05 Castle Age
15:46 Horse Collar
16:06 Double-Bit Axe
17:25 Horse Collar
Cantipedro
10:47 Feudal Age
14:55 Castle Age
13:19 Double-Bit Axe
15:46 Bow Saw
16:02 Scale Mail Armor
15:59 Loom
22:45 Fletching
23:38 Squires
GN | Vortex 渦
8:32 Feudal Age
9:43 Double-Bit Axe
14:12 Horse Collar
19:24 Gold Mining
20:12 Wheelbarrow
22:07 Castle Age
23:18 Scale Barding Armor
23:24 Forging
23:16 Scale Mail Armor
23:43 Capped Ram
25:38 Chain Barding Armor
25:54 Iron Casting
26:08 Bloodlines
30:24 Loom
30:25 Town Watch
30:55 Hand Cart
Connection lost

Rejoining the realm…

Still unreachable

The connection could not be restored.

Session expired

The server has moved on; the page needs a fresh start.